 Dungeon Crawl Stone Soup version 0.30-a0-996-ga6910c8ee8 (webtiles) character file.

Game seed: 2476604601106369577

50 BlueFish the Insei (level 3, -3/23 HPs)
             Began as an Octopode Transmuter on Apr 4, 2023.
             Slain by Crazy Yiuf
             ... wielding a +3 quarterstaff of chaos
              (6 damage)
             ... on level 2 of the Dungeon.
             The game lasted 00:02:02 (1472 turns).

BlueFish the Insei (Octopode Transmuter)            Turns: 1472, Time: 00:02:02

Health: -3/23      AC:  2    Str: 11    XL:     3   Next: 79%
Magic:  9/15       EV: 19    Int: 15    God:
Gold:   138        SH:  0    Dex: 17    Spells: 0/6 levels left

rFire   . . .      SeeInvis .      - Unarmed
rCold   . . .      Faith    .    (shield currently unavailable)
rNeg    . . .      Spirit   .    (helmet currently unavailable)
rPois   x          Reflect  .    (no amulet)
rElec   .          Rampage  .    m - ring of magical power
rCorr   .                        (no ring)
Will    .....                    (no ring)
Stlth   ++                       (no ring)
HPRegen 0.23/turn                (no ring)
MPRegen 0.14/turn                (no ring)
                                 (no ring)
                                 (no ring)

@: spider-form (expiring)
A: venomous fangs, almost no armour, (amphibious), 8 rings, tiny, (camouflage
1), (gelatinous body 1), (nimble swimmer 1), (tentacles)
a: End Transformation


You were on level 2 of the Dungeon.
You were a venomous arachnid creature.
You visited 1 branch of the dungeon, and saw 2 of its levels.

You collected 138 gold pieces.

Inventory:

Missiles
 b - 19 stones
 e - 6 boomerangs
 g - 4 poisoned darts
Armour
 j - a +0 buckler
Jewellery
 m - a ring of magical power (left front pincers)
Scrolls
 c - a scroll of amnesia {unknown}
 d - 2 scrolls of fog
 f - 2 scrolls of enchant weapon
 h - a scroll of torment {unknown}
 i - a scroll of identify {unknown}
 k - 2 scrolls of brand weapon {unknown}
 o - a scroll of teleportation {unknown}
Potions
 a - a potion of lignification
 l - a potion of curing {unknown}
 n - a potion of cancellation {unknown}


   Skills:
 + Level 1.4 Fighting
 + Level 2.2 Dodging
 * Level 2.4 Stealth
 + Level 3.2 Unarmed Combat
 + Level 2.3 Spellcasting
 + Level 2.4 Transmutations
 * Level 0.0 Poison Magic


You couldn't memorise any spells.
You knew the following spells:

 Your Spells              Type           Power      Damage    Failure   Level
a - Beastly Appendage     Tmut           18%        N/A       21%         1
b - Wereblood             Tmut           9%         N/A       28%         2
c - Spider Form           Tmut/Pois      5%         N/A       58%         3

Your spell library contained the following spells:

 Spells                   Type           Power      Damage    Failure   Level
 Necrotise                Necr           4%         1d4       43%         1
 Vampiric Draining        Necr           1%         2d6       75%         3
 Ice Form                 Ice/Tmut       5%         N/A       91%         4
 Agony                    Necr           1%         N/A       100%        5


Dungeon Overview and Level Annotations

Branches:
Dungeon (2/15)

Altars:

Annotations:
D:2 Crazy Yiuf


Innate Abilities, Weirdness & Mutations

You are a venomous arachnid creature.
You have venomous fangs.
You are tiny and dextrous.
Your spellcasting is less reliable in this form.
Your armour is entirely melded.
You are incapable of wielding weapons or throwing items.
You cannot wear most types of armour.
((You are amphibious.))
You can wear up to eight rings at the same time.
((Your skin changes colour to match your surroundings (Stealth+).))
((Your rubbery body absorbs attacks. (AC +1, EV +1)))
((You are camouflaged when in or above water. (Stealth+)))
((You have tentacles for arms and can constrict up to eight enemies at once.))


Message History

Crazy Yiuf screams, "You tortoise childish!"
You continue memorising.
Crazy Yiuf twirls on the spot.
You finish memorising.
Spell assigned to 'c'.
Casting: Wereblood (safe; 12% risk of failure)
Confirm with . or Enter, or press ? or * to list all spells.
Okay, then.
Casting: Wereblood (safe; 12% risk of failure)
Confirm with . or Enter, or press ? or * to list all spells.
The spell is extremely dangerous to miscast (36% risk of failure)!
Continue anyway?
You miscast Spider Form.
You are very lightly contaminated with residual magic.
Nothing appears to happen.
You start resting.
Crazy Yiuf cries, "Paint tired cower!"
Crazy Yiuf cries, "Walk green blue!"
Crazy Yiuf grits, "Shower testudinal aubergine!"
Crazy Yiuf grits, "Scoff!"
Your magical contamination has completely faded away.
Casting: Spider Form (extremely dangerous; 36% risk of failure)
Confirm with . or Enter, or press ? or * to list all spells.
The spell is extremely dangerous to miscast (36% risk of failure)!
Continue anyway?
You turn into a venomous arachnid creature.
As you open the door, it creaks loudly!
Your transformation is almost over.
You completely miss Crazy Yiuf. Crazy Yiuf closely misses you.
You barely miss Crazy Yiuf. Crazy Yiuf closely misses you.
You hit Crazy Yiuf.
Crazy Yiuf is poisoned.
Crazy Yiuf is moderately wounded.
Crazy Yiuf hits you with a +3 quarterstaff of chaos!
Crazy Yiuf freezes you.
You barely miss Crazy Yiuf.
Crazy Yiuf is moderately wounded.
Crazy Yiuf says, "Crazy?
Crazy!?
PORCUPINE!"
Crazy Yiuf hits you with a +3 quarterstaff of chaos!
* * * LOW HITPOINT WARNING * * *
You feel your power leaking away. Crazy Yiuf attacks as you move away!
Crazy Yiuf hits you with a +3 quarterstaff of chaos.
You die...

#.......### #####
#.......... #..)#
#.......... #...#
#.....).... ...
#.......... #'#
#.......... ♣♣.♣
#.......... ♣g♣♣
#.......... ♣♣s♣
#.......... ♣.♣♣
#.......... ♣♣.♣♣
#.......... ♣...♣♣
#.......... ♣....♣
#.......... #....#
#..........
#....#####.########
##...#.....#
##....#####


You could see Crazy Yiuf (very poisoned).

Vanquished Creatures
  2 adders (D:2)
  A worm (D:2)
  A dart slug (D:2)
  An endoplasm (D:2)
  2 goblins
  3 hobgoblins
  3 quokkas (D:2)
  2 ball pythons (D:2)
  2 bats (D:2)
  6 frilled lizards
  2 kobolds
  4 rats
29 creatures vanquished.

Notes
Turn   | Place    | Note
-------+----------+-------------------------------------------
     0 | D:1      | BlueFish the Octopode Transmuter began the quest for the
                  | Orb.
     0 | D:1      | Reached XP level 1. HP: 13/13 MP: 3/3
   408 | D:1      | Reached skill level 1 in Stealth
   590 | D:1      | Reached XP level 2. HP: 15/18 MP: 5/5
   593 | D:1      | Learned a level 2 spell: Wereblood
   876 | D:2      | Found a runed translucent door.
  1108 | D:2      | Reached XP level 3. HP: 18/23 MP: 2/6
  1447 | D:2      | Noticed Crazy Yiuf
  1454 | D:2      | Learned a level 3 spell: Spider Form
  1472 | D:2      | Slain by Crazy Yiuf

Illustrated notes

Levels and vault maps discovered:
D:1:      nzn_arrival_settlement, layout_loops_cross, minivault_27,
          hangedman_decor_push
D:2:      layout_basic, uniq_crazy_yiuf_cottage

Skill      XL: |  1  2 |
---------------+-------+-----
Stealth        | 1 2 |  2.4
Fighting       | |  1.4
Dodging        | |  2.2
Unarmed Combat | |  3.2
Spellcasting   | |  2.3
Transmutations | |  2.4

Action                     || total
---------------------------++-------
  Melee: Unarmed           ||    65
         Constrict         ||    13
         Tentacles         ||     8
         Punch             ||     2
         Kick              ||     2
   Cast: Beastly Appendage ||     1
         Wereblood         ||     1
         Spider Form       ||     1
    Use: Scroll            ||     2
   Stab: Sleeping          ||     7
 Armour: Skin              ||     4
  Dodge: Dodged            ||    34

Table legend: (Time is in decaauts)
 A = Elapsed time spent in this place.
 B = Non-inter-level travel time spent in this place.
 C = Inter-level travel time spent in this place.
 D = Time resting spent in this place.
 E = Time spent auto-exploring this place.
 F = Levels seen in this place.
 G = Mean time per level.
                   A        B        C        D        E       F      G
               +--------+--------+--------+--------+--------+-----+--------+
         Total |   1467 |   1436 |     31 |     34 |   1178 |   2 |  733.5 |
       Dungeon |   1467 |   1436 |     31 |     34 |   1178 |   2 |  733.5 |
               +--------+--------+--------+--------+--------+-----+--------+

Top non-repeatable levels by time:
     D:2: 770 daAuts
     D:1: 696 daAuts
